Map: Hard Lead LE

Players

HateLoad - Winner!

  • Race: Protoss Protoss
  • League: Diamond
  • Spawn Location: 5:00

SubN

  • Race: Zerg Zerg
  • League: Diamond
  • Spawn Location: 11:00

VOD

Have the link to the VOD?

Description

Time

  • Played on: Dec. 18, 2023, 6:09 p.m.
  • Length: 8:07
Show
View Real Time Build Order
Export as new Build Order

HateLoad Protoss - Winner!

Build Orders: 1 Gate Expand, Oracle Opening, Phoenix Opening 

Get SALT Encoding   

  12  0:00  Probe  
  13  0:12  Probe  
  14  0:18  Pylon  
  14  0:25  Probe  
  15  0:37  Probe  
  16  0:48  Gateway  
  16  0:49  Probe  
  17  0:50  Assimilator  
  17  1:01  Probe  
  18  1:16  Probe (Chrono Boost)  
  20  1:27  Probe (Chrono Boost)  
  20  1:36  Cybernetics Core  
  20  1:37  Probe  
  21  1:42  Nexus  
  21  1:49  Probe  
  21  1:51  Pylon  
  22  1:55  Assimilator  
  22  2:01  Probe  
  23  2:12  Adept  
  23  2:13  Gateway  
  25  2:20  Shield Battery  
  25  2:22  Probe  
  26  2:35  Stargate  
  26  2:39  Probe  
  26  2:46  Stalker  
  29  2:51  Probe (Chrono Boost)  
  29  2:54  Probe (Chrono Boost)  
  30  3:00  Adept  
  30  3:03  Probe (Chrono Boost)  
  30  3:04  Probe (Chrono Boost)  
  34  3:07  Probe (Chrono Boost)  
  34  3:09  Probe (Chrono Boost)  
  36  3:16  Oracle (Chrono Boost)  
  36  3:17  Probe  
  40  3:24  Pylon  
  40  3:25  Probe  
  41  3:36  Probe  
  41  3:39  Probe  
  43  3:42  Shield Battery  
  47  3:53  Phoenix (Chrono Boost)  
  45  3:55  Twilight Council  
  45  3:57  Gateway  
  45  4:00  Gateway, Probe  
  45  4:01  Probe  
  47  4:12  Probe  
  47  4:15  Probe  
  49  4:25  Probe  
  50  4:37  Probe  
  51  4:40  Probe  
  51  4:43  Warp Gate (Chrono Boost)  
  49  4:45  Blink (Chrono Boost)  
  49  4:50  Stalker  
  49  4:51  Stalker  
  53  4:54  Gateway, Probe  
  54  5:01  Gateway x2  
  54  5:02  Assimilator  
  54  5:05  Gateway, Assimilator  
  54  5:08  Pylon  
  54  5:12  Nexus  
  54  5:19  Pylon  
  54  5:26  Probe x2  
  56  5:36  Stalker x2  
  56  5:38  Probe  
  61  5:45  Stalker x2  
  61  5:46  Stalker  
  67  5:50  Stalker  
  67  5:55  Pylon  
  69  5:59  Probe  
  69  6:03  Robotics Facility  
  70  6:08  Pylon  
  70  6:12  Pylon  
  70  6:13  Probe, Stalker  
  70  6:16  Pylon, Shield Battery  
  73  6:29  Stalker  
  73  6:30  Stalker x3  
  81  6:38  Stalker x2  
  85  6:43  Stalker  
  88  6:48  Pylon  
  88  6:51  Warp Prism (Chrono Boost)  
  87  6:58  Sentry x3  
  95  7:01  Pylon  
  95  7:03  Probe  
  95  7:05  Probe  
  97  7:14  Forge  
  97  7:15  Adept  
  97  7:16  Adept  
  101  7:35  Pylon  
  97  7:57  Stalker x3  
  97  7:58  Stalker x3  
  103  8:03  Stalker x2  
Show
View Real Time Build Order
Export as new Build Order

SubN Zerg 

Build Orders: Pool First 

Get SALT Encoding   

  12  0:00  Drone  
  13  0:12  Overlord  
  13  0:16  Drone  
  14  0:30  Drone x2  
  14  0:34  Drone  
  17  0:37  Extractor  
  16  0:44  Drone  
  17  0:52  Spawning Pool  
  17  0:55  Drone  
  17  1:06  Drone  
  18  1:27  Hatchery  
  18  1:32  Drone x2  
  19  1:39  Queen  
  21  1:46  Metabolic Boost  
  21  1:53  Overlord  
  21  2:06  Drone  
  22  2:12  Zergling x4  
  24  2:42  Queen  
  24  2:44  Hatchery, Queen  
  28  2:51  Drone  
  28  2:52  Drone  
  28  2:54  Drone  
  28  2:57  Drone  
  31  3:00  Drone  
  31  3:02  Drone  
  34  3:05  Drone  
  34  3:10  Overlord  
  34  3:15  Overlord  
  34  3:21  Overlord  
  34  3:26  Queen  
  36  3:33  Drone x3  
  39  3:38  Drone x2  
  39  3:39  Drone  
  39  3:41  Drone  
  43  3:49  Drone x3  
  43  3:55  Evolution Chamber  
  45  3:59  Evolution Chamber  
  44  4:03  Roach Warren  
  43  4:12  Spine Crawler  
  43  4:14  Extractor  
  39  4:27  Drone x12  
  46  4:46  Drone x6  
  46  4:48  Queen  
  46  4:52  Lair  
  54  4:54  Extractor  
  54  4:59  Drone x2  
  56  5:00  Drone  
  56  5:08  Extractor  
  56  5:09  Extractor  
  54  5:16  Drone x4  
  54  5:18  Overlord x2  
  58  5:48  Glial Reconstitution  
  58  5:52  Overlord x4  
  58  5:58  Queen  
  58  6:00  Zergling x12  
  66  6:07  Overlord  
  66  6:08  Overlord x2  
  66  6:13  Roach  
  66  6:14  Roach x3  
  74  6:22  Drone x2  
  76  6:27  Roach x6, Spore Crawler  
  87  6:38  Spore Crawler  
  86  6:40  Spore Crawler  
  86  6:42  Drone x5, Spore Crawler  
  89  6:47  Overlord  
  89  6:48  Overlord  
  92  7:01  Drone x3  
  90  7:12  Roach x4  
  98  7:17  Overseer  
  98  7:20  Overseer  
  98  7:21  Roach  
  98  7:22  Roach x2  
  104  7:35  Zergling x14  
  104  7:36  Zergling x6  
Tags
 
Add a new tag
Caveats
  • Supply blocks, unpowered buildings, or Contaminate may cause inaccurate times.
  • Supply counts are checked every 10 seconds.